 Dungeon Crawl Stone Soup version 0.24.0-123-gd5b16e6ec5 (webtiles) character file.

Game seed: 2733702524433266434, levelgen mode: deterministic

1264 FishyPogo the Cutter (level 8, -1/100 HPs)
             Began as a Gnoll Chaos Knight on Feb 8, 2020.
             Was a Plaything of Xom.
             Slain by Blork the orc
             ... wielding a +0 war axe
              (5 damage)
             ... on level 6 of the Dungeon.
             The game lasted 00:13:10 (3565 turns).

FishyPogo the Cutter (Gnoll Chaos Knight)           Turns: 3565, Time: 00:13:11

Health: -1/100     AC:  5    Str: 21    XL:     8   Next: 52%
Magic:  12/12      EV: 14    Int: 15    God:    Xom [.....*]
Gold:   227        SH:  0    Dex: 18    Spells: 13/13 levels left

rFire    . . .     SeeInvis .   u - +1 whip of the Volcano {holy, Dex+3}
rCold    . . .     Gourm    .   (no shield)
rNeg     + . .     Faith    .   b - +2 leather armour
rPois    .         Spirit   .   (no helmet)
rElec    .         Reflect  .   (no cloak)
rCorr    .         Harm     .   (no gloves)
MR       .....                  (no boots)
Stlth    ..........             p - amulet of regeneration
HPRegen  0.66/turn              x - ring of positive energy
MPRegen  0.13/turn              (no ring)

@: berserking, lethally poisoned (-1 -> -1), very quick
A: distributed training, fangs 1, strong nose
a: Renounce Religion


You were on level 6 of the Dungeon.
You worshipped Xom.
You were Xom's teddy bear.
You were not hungry.

You visited 1 branch of the dungeon, and saw 6 of its levels.

You collected 227 gold pieces.

Inventory:

Hand Weapons
 a - a +0 short sword of chaos
 u - the +1 whip of the Volcano (weapon) {holy, Dex+3}
   (You found it on level 4 of the Dungeon)

   It has been blessed by the Shining One to cause great damage to the undead
   and demons.
   It affects your dexterity (+3).
Missiles
 d - 64 sling bullets
 e - 100 stones
 n - 31 poisoned darts (quivered)
Armour
 b - a +2 leather armour (worn)
Jewellery
 p - an amulet of regeneration (around neck)
 x - a ring of positive energy (left hand)
Wands
 s - a wand of digging (3)
 v - a wand of paralysis (8)
Scrolls
 f - a scroll of fear {unknown}
 h - 5 scrolls of identify {unknown}
 i - a scroll of random uselessness {unknown}
 j - 4 scrolls of teleportation {unknown}
 k - 2 scrolls of enchant armour {unknown}
 l - 3 scrolls of remove curse {unknown}
 o - a scroll of blinking {unknown}
 q - a scroll of immolation {unknown}
 y - 2 scrolls of fog {unknown}
Potions
 m - a potion of curing {unknown}
Comestibles
 c - 9 rations
 g - 5 chunks of flesh


   Skills:
 + Level 7.4 Fighting
 + Level 7.4 Short Blades
 + Level 3.3 Long Blades
 + Level 3.3 Axes
 + Level 3.3 Maces & Flails
 + Level 3.3 Polearms
 + Level 3.3 Staves
 + Level 3.3 Slings
 + Level 3.3 Bows
 + Level 3.3 Crossbows
 + Level 3.3 Throwing
 + Level 5.7 Armour
 + Level 4.2 Dodging
 + Level 3.3 Stealth
 + Level 3.3 Shields
 + Level 3.3 Unarmed Combat
 + Level 3.3 Spellcasting
 + Level 2.6 Conjurations
 + Level 2.6 Hexes
 + Level 2.6 Charms
 + Level 2.6 Summonings
 + Level 2.6 Necromancy
 + Level 2.6 Translocations
 + Level 2.6 Transmutations
 + Level 2.6 Fire Magic
 + Level 2.6 Ice Magic
 + Level 2.6 Air Magic
 + Level 2.6 Earth Magic
 + Level 2.6 Poison Magic
 + Level 3.6 Invocations
 + Level 3.3 Evocations


You had 13 spell levels left.
You didn't know any spells.
Your spell library was empty.

Dungeon Overview and Level Annotations

Branches:
Dungeon (6/15)             Temple (0/1) D:4

Altars:
Xom

Annotations:
D:6 Blork the orc


Innate Abilities, Weirdness & Mutations

Your experience applies equally to all skills.
You have very sharp teeth.
Your uncanny sense of smell can sniff out nearby items.


Message History

It was a potion of berserk rage.
A red film seems to cover your vision as you go berserk!
You feel yourself moving faster!
You feel mighty! The centaur skeleton barely misses you. Something hits you.
* * * LOW HITPOINT WARNING * * *
Something completely misses your +0 spear of venom.
The gnoll hits you!
* * * LOW HITPOINT WARNING * * *
Your +0 spear of venom hits the centaur skeleton.
You closely miss something. The centaur skeleton hits you.
* * * LOW HITPOINT WARNING * * *
Your +0 spear of venom hits the centaur skeleton.
Unknown command.
You whack the gnoll!
You kill the gnoll!
You feel sick.
Blork the orc appears from thin air!
Reactivating autopickup.
Blork the orc hits you with a +0 war axe.
You die...
Xom yawns loudly!

#.#.###.#
###.#.....#+######
∆###.......#........# ∆
.........+........#
######.......#..<.....#
#........#####....)...#
#.##..g...............#
#∆##.......o..........#
#g##......(Z@.........#
#####g######...†..)########
.....g# ######### ####..#
).....# ##.#.## ...#.#
##.#.# ..#.#


You could see Blork the orc, a gnoll, a centaur skeleton and a friendly +0 spear
of venom.

Vanquished Creatures
  Prince Ribbit (D:5)
  A sky beast (D:5)
  2 ogres (D:4)
  A centaur (D:5)
  2 water moccasin zombies
  A scorpion (D:4)
  The ghost of brucemayne the Chopper, a weakling HOMo (D:4)
  A howler monkey (D:5)
  2 crimson imps (D:5)
  A jelly (D:5)
  A hound (D:4)
  Jessica (D:2)
  An iguana (D:4)
  3 worker ants
  A killer bee zombie (D:5)
  2 gnolls (D:6)
  3 adders
  A howler monkey skeleton (D:4)
  5 river rats (D:4)
  2 shadow imps (D:5)
  An ooze (D:1)
  2 adder skeletons (D:4)
  4 worms
  A dart slug (D:1)
  4 leopard geckos
  7 orcs
  2 ball pythons
  7 bats
  8 giant cockroaches
  11 goblins
  9 hobgoblins
  3 jackals (D:2)
  10 kobolds
  A quokka (D:3)
  4 frilled lizards
  A leopard gecko zombie (D:5)
  19 rats
127 creatures vanquished.

Vanquished Creatures (collateral kills)
  A gnoll (D:6)
1 creature vanquished.

Vanquished Creatures (others)
  An orc priest (D:5)
  A leopard gecko (D:5)
  An orc (D:5)
  A frilled lizard (D:5)
4 creatures vanquished.

Grand Total: 132 creatures vanquished

Notes
Turn   | Place    | Note
-------+----------+-------------------------------------------
     0 | D:1      | FishyPogo the Gnoll Chaos Knight began the quest for the
                  | Orb.
     0 | D:1      | Reached XP level 1. HP: 23/23 MP: 1/1
    24 | D:1      | Reached XP level 2. HP: 3/29 MP: 2/2
   335 | D:1      | Reached XP level 3. HP: 26/35 MP: 3/3
   370 | D:1      | XOM: mild Chrm miscast
   569 | D:1      | Reached skill level 1 in Invocations
   717 | D:2      | XOM: potion effect (agility)
   796 | D:2      | XOM: scenery: create altars
   831 | D:2      | Noticed Jessica
   847 | D:2      | Killed Jessica
   847 | D:2      | Reached skill level 1 in Long Blades
   847 | D:2      | Reached skill level 1 in Axes
   847 | D:2      | Reached skill level 1 in Maces & Flails
   847 | D:2      | Reached skill level 1 in Polearms
   847 | D:2      | Reached skill level 1 in Staves
   847 | D:2      | Reached skill level 1 in Slings
   847 | D:2      | Reached skill level 1 in Bows
   847 | D:2      | Reached skill level 1 in Crossbows
   847 | D:2      | Reached skill level 1 in Throwing
   847 | D:2      | Reached skill level 1 in Stealth
   847 | D:2      | Reached skill level 1 in Shields
   847 | D:2      | Reached skill level 1 in Unarmed Combat
   847 | D:2      | Reached skill level 1 in Spellcasting
   847 | D:2      | Reached skill level 1 in Evocations
   847 | D:2      | Reached XP level 4. HP: 32/41 MP: 5/5
   994 | D:2      | XOM: harmless Ice miscast
  1241 | D:2      | Reached skill level 1 in Conjurations
  1241 | D:2      | Reached skill level 1 in Hexes
  1241 | D:2      | Reached skill level 1 in Charms
  1241 | D:2      | Reached skill level 1 in Summonings
  1241 | D:2      | Reached skill level 1 in Necromancy
  1241 | D:2      | Reached skill level 1 in Translocations
  1241 | D:2      | Reached skill level 1 in Transmutations
  1241 | D:2      | Reached skill level 1 in Fire Magic
  1241 | D:2      | Reached skill level 1 in Ice Magic
  1241 | D:2      | Reached skill level 1 in Air Magic
  1241 | D:2      | Reached skill level 1 in Earth Magic
  1241 | D:2      | Reached skill level 1 in Poison Magic
  1287 | D:2      | XOM: harmless Pois miscast
  1321 | D:2      | XOM: harmless Necr miscast
  1524 | D:3      | XOM: divination: detect creatures
  1771 | D:3      | Reached XP level 5. HP: 39/47 MP: 6/6
  1913 | D:3      | XOM: harmless Ice miscast
  1920 | D:4      | Noticed an ogre
  1929 | D:4      | Killed an ogre
  1931 | D:4      | Noticed an ogre
  1933 | D:4      | XOM: confusion
  1948 | D:4      | Killed an ogre
  1948 | D:4      | Reached XP level 6. HP: 34/53 MP: 8/8
  2017 | D:4      | Reached skill level 5 in Armour
  2180 | D:4      | Found a runed translucent gate.
  2184 | D:4      | Found a runed translucent gate.
  2194 | D:4      | Found a runed translucent gate.
  2264 | D:4      | XOM: mild Ice miscast
  2267 | D:4      | XOM: harmless Tloc miscast
  2296 | D:4      | Got a translucent whip
  2297 | D:4      | Identified the +1 whip of the Volcano {holy, Dex+3} (You
                  | found it on level 4 of the Dungeon)
  2356 | D:4      | XOM: 6-stop teleportation journey
  2444 | D:4      | Found a staircase to the Ecumenical Temple.
  2497 | D:4      | XOM: god gift: wand of paralysis (8)
  2518 | D:4      | XOM: summons friendly white imp
  2557 | D:4      | XOM: polymorph rat -> giant cockroach
  2608 | D:4      | Reached XP level 7. HP: 32/59 MP: 10/10
  2709 | D:4      | XOM: fog
  2826 | D:4      | Noticed brucemayne's ghost (weakling HOMo)
  2847 | D:4      | Killed brucemayne's ghost
  2891 | D:5      | Entered Level 5 of the Dungeon
  2905 | D:5      | Noticed Prince Ribbit
  2913 | D:5      | XOM: summons friendly quasit
  2930 | D:5      | Killed Prince Ribbit
  2935 | D:5      | HP: 3/60 [sky beast (5)]
  2940 | D:5      | HP: 3/60 [sky beast (6)]
  2946 | D:5      | Reached XP level 8. HP: 19/67 MP: 12/12
  3037 | D:5      | XOM: mild Erth miscast
  3102 | D:5      | XOM: smoke on damage
  3145 | D:5      | XOM: mild Necr miscast
  3203 | D:5      | XOM: cast spell 'Summon Ice Beast'
  3352 | D:5      | XOM: harmless Pois miscast
  3399 | D:5      | XOM: divination: magic mapping
  3403 | D:5      | XOM: noise
  3405 | D:5      | XOM: divine lightning
  3534 | D:6      | Noticed Blork the orc
  3564 | D:6      | HP: 5/100 [centaur skeleton (4)]
  3565 | D:6      | Slain by Blork the orc

Levels and vault maps discovered:
D:1:      psy_arrival_conway, layout_basic
D:2:      layout_loops_cross, grunt_ministairs_3, kennysheep_another_room,
          uniq_jessica
D:3:      layout_basic
D:4:      layout_loops_ring, minmay_temple_entry_glassed_door,
          ebering_ghost_rock_garden, first_ration, minmay_misc_feat_rugged,
          corexii_shack, dk_rats_in_the_wall
D:5:      layout_rooms, uniq_prince_ribbit1
D:6:      layout_basic, uniq_pikel, uniq_blork_the_orc

Skill      XL: |  1  2  3  4  5  6  7  8 |
---------------+-------------------------+-----
Invocations    | 1 2 3 |  3.6
Long Blades    | 1 2 3 |  3.3
Axes           | 1 2 3 |  3.3
Maces & Flails | 1 2 3 |  3.3
Polearms       | 1 2 3 |  3.3
Staves         | 1 2 3 |  3.3
Slings         | 1 2 3 |  3.3
Bows           | 1 2 3 |  3.3
Crossbows      | 1 2 3 |  3.3
Throwing       | 1 2 3 |  3.3
Stealth        | 1 2 3 |  3.3
Shields        | 1 2 3 |  3.3
Unarmed Combat | 1 2 3 |  3.3
Spellcasting   | 1 2 3 |  3.3
Evocations     | 1 2 3 |  3.3
Conjurations   | 1 2 |  2.6
Hexes          | 1 2 |  2.6
Charms         | 1 2 |  2.6
Summonings     | 1 2 |  2.6
Necromancy     | 1 2 |  2.6
Translocations | 1 2 |  2.6
Transmutations | 1 2 |  2.6
Fire Magic     | 1 2 |  2.6
Ice Magic      | 1 2 |  2.6
Air Magic      | 1 2 |  2.6
Earth Magic    | 1 2 |  2.6
Poison Magic   | 1 2 |  2.6
Dodging        | 3 4 |  4.2
Armour         | 5 |  5.7
Fighting       | 7 |  7.4
Short Blades   | 7 |  7.4

Action                   |  1- 3 |  4- 6 |  7- 9 || total
-------------------------+-------+-------+-------++-------
Melee: Short sword       |   100 |   158 |       ||   258
       Bite              |    10 |    27 |    33 ||    70
       Punch             |     1 |     2 |     4 ||     7
       Whip              |       |    60 |   216 ||   276
Throw: Dart              |       |     3 |       ||     3
  Use: Potion            |       |       |     4 ||     4
 Stab: Paralysed         |     1 |     1 |       ||     2
       Sleeping          |       |     2 |       ||     2
       Distracted        |       |     1 |       ||     1
  Eat: Chunk             |       |     6 |     3 ||     9
Armor: Leather armour    |    30 |    48 |    46 ||   124
Dodge: Dodged            |    54 |    96 |   135 ||   285
